 Dungeon Crawl Stone Soup version 0.30-a0-930-gb9d0489357 (webtiles) character file.

Game seed: 17015069053047117631

91 MachoJfn the Magician (level 4, -1/31 HPs)
             Began as a Djinni Hedge Wizard on Mar 23, 2023.
             Was an Initiate of Dithmenos.
             Slain by a bullfrog (5 damage)
             ... on level 4 of the Dungeon.
             The game lasted 00:13:29 (2538 turns).

MachoJfn the Magician (Djinni Hedge Wizard)         Turns: 2538, Time: 00:13:30

Health: -1/31      AC:  4    Str:  9    XL:     4   Next: 87%
Gold:   201        EV: 12    Int: 17    God:    Dithmenos [......] SH:  0 Dex: 13

rFire   + + .      SeeInvis .    g - +0 dagger (protect)
rCold   x . .      Faith    .    (no shield)
rNeg    . . .      Spirit   .    b - +0 robe
rPois   ∞          Reflect  .    c - +2 hat
rElec   .          Rampage  .    (no cloak)
rCorr   .                        (no gloves)
Will    .....                    (boots unavailable)
Stlth   ++                       (no amulet)
HPRegen 0.25/turn                (no ring)
MPRegen 0.00/turn                (no ring)

@: flying
A: sickness immunity, fire resistance 2, cold vulnerability 1, float, innate
caster, HP casting, extra vitality 1
a: Renounce Religion


You were on level 4 of the Dungeon.
You worshipped Dithmenos.
Dithmenos was noncommittal.
You visited 1 branch of the dungeon, and saw 5 of its levels.

You collected 201 gold pieces.

Inventory:

Hand Weapons
 e - a +2 short sword of distortion
 g - a +0 dagger of protection (weapon)
 i - a +0 sling
Missiles
 k - 40 stones
Armour
 b - a +0 robe (worn)
 c - a +2 hat (worn)
Scrolls
 f - 2 scrolls of noise
 j - a scroll of fear
 p - a scroll of amnesia
Potions
 d - a potion of lignification {unknown}
 h - 2 potions of berserk rage
 l - 2 potions of heal wounds {unknown}
 m - a potion of attraction {unknown}


   Skills:
 + Level 0.8 Fighting
 + Level 1.9 Ranged Weapons
 + Level 2.4 Dodging
 + Level 1.7 Stealth
 + Level 3.2 Spellcasting


You knew the following spells:

 Your Spells              Type           Power      Damage    Failure   Level
a - Magic Dart            Conj           52%        1d5       4%          1
b - Slow                  Hex            52%        N/A       4%          1
c - Blink                 Tloc           26%        N/A       7%          2
d - Call Imp              Summ           13%        N/A       7%          2
e - Mephitic Cloud        Conj/Pois/Air  13%        N/A       14%         3
f - Shock                 Conj/Air       52%        1d6       4%          1
Your spell library was empty.

Dungeon Overview and Level Annotations

Branches:
Dungeon (5/15)
 Temple: D:4-7

Altars:
Dithmenos
Uskayaw


Innate Abilities, Weirdness & Mutations

You are immune to sickness and miasma.
You are immune to poison.
Your flesh is very heat resistant. (rF++)
You are vulnerable to cold. (rC-)
You float through the air rather than walking.
You learn spells naturally, not from books.
Your magical power is your life essence.
You have superior vitality. (+4 MHP)


Message History

The zap hits the iguana.
The iguana is lightly wounded.
The zap hits the bullfrog.
The bullfrog is lightly wounded.
The iguana bites you! The bullfrog attacks as you move away!
The bullfrog hits you. x2
Casting: Shock (safe; 4% risk of failure)
Confirm with . or Enter, or press ? or * to list all spells.
Aiming: Shock (safe; 4% risk of failure)
Press: ? - help, Shift-Dir - straight line, f/p - iguana
Aim: an iguana (lightly wounded, 72% to hit)
You miscast Shock.
You are very lightly contaminated with residual magic.
Nothing appears to happen.
The bullfrog hits you.
* * * LOW HITPOINT WARNING * * *
The iguana bites you.
* * * LOW HITPOINT WARNING * * *
You feel better. The bullfrog closely misses you. x2
The iguana bites you but does no damage.
The iguana attacks as you move away! The iguana bites you.
There is a stone staircase leading down here.
You can't go up here!
The bullfrog closely misses you. The iguana bites you.
* * * LOW HITPOINT WARNING * * *
The bullfrog hits you.
* * * LOW HITPOINT WARNING * * *
You fly downwards.
You hear the sound of rushing water.
There is an entrance to a sewer on this level.
Hurry and find it before the portal rusts away!
Found a robe and a scroll labelled VEOQON FERUTRE.
There is a stone staircase leading up here.
The bullfrog hits you.
* * * LOW HITPOINT WARNING * * *
The iguana misses you.
You fly upwards.
The goblin shouts!
Your magical contamination has completely faded away.
There is a stone staircase leading down here.
The bullfrog attacks as you move away! The bullfrog hits you.
You die...

#########
#######.F......
.......@.....$.
#.#.###.l......
#.#.###......).
#..............
..#.##...######
#......#
#...g..#
#......#
#......<


You could see a bullfrog, an iguana and a goblin.

Vanquished Creatures
  2 adders
  A worm (D:2)
  2 dart slugs (D:2)
  An orc (D:3)
  A ball python (D:2)
  An endoplasm (D:2)
  5 giant cockroaches
  6 goblins
  4 hobgoblins
  6 jackals
  16 kobolds
  5 quokkas
  3 bats (D:2)
  A frilled lizard (D:1)
  4 rats
58 creatures vanquished.

Vanquished Creatures (collateral kills)
  A jackal (D:1)
  A kobold (D:1)
2 creatures vanquished.

Grand Total: 60 creatures vanquished

Notes
Turn   | Place    | Note
-------+----------+-------------------------------------------
     0 | D:1      | MachoJfn the Djinni Hedge Wizard began the quest for the
                  | Orb.
     0 | D:1      | MachoJfn set off with the following spells memorised: Magic
                  | Dart, Slow, Blink, Call Imp, Mephitic Cloud.
     0 | D:1      | Reached XP level 1. HP: 15/15 MP: 0/0
   166 | D:1      | Reached XP level 2. HP: 16/21 MP: 0/0
   727 | D:1      | Reached skill level 3 in Spellcasting
  1191 | D:2      | Reached XP level 3. HP: 25/25 MP: 0/0
  1191 | D:2      | Learned a level 1 spell: Shock
  1222 | D:2      | Reached skill level 1 in Ranged Weapons
  1506 | D:2      | Found a hide-covered altar of Uskayaw.
  1563 | D:2      | Reached XP level 4. HP: 29/31 MP: 0/0
  2082 | D:3      | Found a shadowy altar of Dithmenos.
  2099 | D:3      | Became a worshipper of Dithmenos the Shadowed
  2526 | D:4      | Noticed a bullfrog
  2535 | D:5      | Entered Level 5 of the Dungeon
  2538 | D:4      | Slain by a bullfrog

Illustrated notes

Levels and vault maps discovered:
D:1:      lemuel_arrival_hallway, layout_loops_ring, reono_crystal_passage,
          st_stairs_8
D:2:      layout_rooms, basic_altar
D:3:      layout_rooms, vehumet_crystals, mainiacjoe_overflow_brackets
D:4:      layout_basic, minmay_tree_intersection, uniq_natasha, uniq_eustachio
D:5:      layout_loops_corners, kennysheep_mini,
          mainiacjoe_overflow_concentric_impassable, minmay_temple_entry_hall,
          cheibrodos_sewer_entry_sluice

Skill      XL: |  1  2  3 |
---------------+----------+-----
Spellcasting   | 3 |  3.2
Ranged Weapons | 1 |  1.9
Fighting       | |  0.8
Dodging        | |  2.4
Stealth        | |  1.7

Action                     |  1- 3 |  4- 6 || total
---------------------------+-------+-------++-------
  Melee: Dagger            |     5 |       ||     5
   Fire: Sling             |    63 |       ||    63
   Cast: Magic Dart        |    60 |    18 ||    78
         Slow              |     5 |       ||     5
         Blink             |     1 |       ||     1
         Call Imp          |     1 |       ||     1
         Shock             |       |    36 ||    36
    Use: Scroll            |     5 |     4 ||     9
         Potion            |     1 |     1 ||     2
 Armour: Robe              |    12 |     8 ||    20
  Dodge: Dodged            |    45 |    19 ||    64

Table legend: (Time is in decaauts)
 A = Elapsed time spent in this place.
 B = Non-inter-level travel time spent in this place.
 C = Inter-level travel time spent in this place.
 D = Time resting spent in this place.
 E = Time spent auto-exploring this place.
 F = Levels seen in this place.
 G = Mean time per level.
                   A        B        C        D        E       F      G
               +--------+--------+--------+--------+--------+-----+--------+
         Total |   2562 |   2044 |    518 |    453 |   1198 |   5 |  512.4 |
       Dungeon |   2562 |   2044 |    518 |    453 |   1198 |   5 |  512.4 |
               +--------+--------+--------+--------+--------+-----+--------+

Top non-repeatable levels by time:
     D:1: 1355 daAuts
     D:2: 654 daAuts
     D:3: 540 daAuts
     D:4: 10 daAuts
     D:5: 1 daAuts
